 Dungeon Crawl Stone Soup version 0.26.1-10-gdfb7c7de75 (webtiles) character file.

Game seed: 12277735461119109606

7305 phalm the Prestidigitator (level 10, -8/51 HPs)
             Began as a Spriggan Artificer on Apr 6, 2021.
             Was an Initiate of Gozag.
             Mangled by a cyan ugly thing (13 damage)
             ... on level 10 of the Dungeon.
             The game lasted 00:31:28 (10246 turns).

phalm the Prestidigitator (Spriggan Artificer)     Turns: 10246, Time: 00:31:30

Health: -8/51      AC:  5    Str:  8    XL:     10   Next: 90%
Magic:  0/19       EV: 24    Int: 12    God:    Gozag
Gold:   1447       SH:  7    Dex: 21    Spells: 15/19 levels left

rFire    + . .     SeeInvis +   a - +3 rapier (venom)
rCold    . . .     Faith    .   I - +0 buckler
rNeg     . . .     Spirit   +   q - +0 troll leather armour
rPois    .         Reflect  .   (helmet restricted)
rElec    .         Harm     .   B - +0 cloak
rCorr    .         Rampage  .   (gloves unavailable)
Will     +....                  (boots unavailable)
Stlth    +++++.....             D - amulet of guardian spirit
HPRegen  0.57/turn              y - ring of stealth
MPRegen  0.16/turn              w - ring of protection from fire

@: very quick
A: very small, unfitting armour, see invisible, speed 3
a: Renounce Religion, Potion Petition, Call Merchant, Bribe Branch


You were on level 10 of the Dungeon.
You worshipped Gozag.
Gozag was most pleased with you.
You visited 2 branches of the dungeon, and saw 12 of its levels.

You collected 1772 gold pieces.
You spent 259 gold pieces at shops.
You paid 66 gold pieces to Gozag.

Inventory:

Hand Weapons
 a - a +3 rapier of venom (weapon)
Missiles
 o - 9 atropa-tipped darts
 t - 32 sling bullets
Armour
 q - a +0 troll leather armour (worn)
 x - a +0 robe of willpower
 B - a +0 cloak (worn)
 I - a +0 buckler (worn)
Jewellery
 h - an uncursed ring of magical power
 j - an uncursed ring of positive energy
 w - a ring of protection from fire (right hand)
 y - a ring of stealth (left hand)
 D - an amulet of guardian spirit (around neck)
 G - an uncursed ring of flight
Wands
 d - a wand of enslavement (5)
 r - a wand of iceblast (17) (quivered)
 H - a wand of acid (7)
Scrolls
 c - 3 scrolls of teleportation
 e - a scroll of enchant weapon
 f - 3 scrolls of immolation
 p - 3 scrolls of amnesia
 v - 3 scrolls of remove curse
 E - a scroll of magic mapping {unknown}
 J - a scroll of fear {unknown}
 L - a scroll of vulnerability {unknown}
Potions
 b - 4 potions of brilliance
 g - 6 potions of might
 i - 2 potions of berserk rage
 k - a potion of lignification {unknown}
 l - 2 potions of attraction
 m - a potion of invisibility {unknown}
 n - 5 potions of heal wounds
 s - 2 potions of curing
 z - 2 potions of flight {unknown}
 A - a potion of haste {unknown}
 F - a potion of mutation {unknown}


   Skills:
 + Level 4.4 Fighting
 + Level 5.6 Short Blades
 * Level 3.9 Armour
 + Level 8.5 Dodging
 + Level 8.6 Stealth
 * Level 2.1 Shields
 + Level 5.4 Spellcasting
 * Level 7.9 Hexes
 * Level 10.8 Evocations


You had 15 spell levels left.
You knew the following spells:

 Your Spells              Type           Power        Failure   Level
a - Confusing Touch       Hex            22%          4%          3
b - Corona                Hex            24%          1%          1

Your spell library contained the following spells:

 Spells                   Type           Power        Failure   Level
 Inner Flame              Hex/Fire       12%          22%         3
 Animate Skeleton         Necr           6%           36%         1
 Apportation              Tloc           6%           36%         1
 Foxfire                  Conj/Fire      12%          36%         1
 Summon Small Mammal      Summ           12%          36%         1
 Conjure Flame            Conj/Fire      3%           75%         3
 Gell's Gravitas          Tloc           1%           75%         3
 Metabolic Englaciation   Hex/Ice        6%           91%         5
 Yara's Violent Unravell  Hex/Tmut       6%           91%         5
 Petrify                  Tmut/Erth      3%           98%         4
 Sticky Flame             Conj/Fire      3%           98%         4
 Fireball                 Conj/Fire      1%           100%        5


Dungeon Overview and Level Annotations

Branches:
Dungeon (11/15)            Temple (1/1) D:4            Lair (0/6) D:10
    Orc (0/2) D:11

Altars:
Ashenzari
Cheibriados
Dithmenos
Elyvilon
Fedhas
Gozag
Hepliaklqana
Kikubaaqudgha
Okawaru
Qazlal
Ru
Trog
Uskayaw
Vehumet
Xom
Yredelemnul
Zin
The Shining One
Beogh

Shops:
D:9 (   D:10 (


Innate Abilities, Weirdness & Mutations

You are very small and have problems with some larger weapons.
You are too small for most types of armour.
You have supernaturally acute eyesight. (SInv)
You cover ground extremely quickly.


Message History

The cyan ugly thing is lightly wounded.
The cyan ugly thing tail-slaps you but does no damage.
You hit the cyan ugly thing.
The cyan ugly thing looks as sick as possible!
The cyan ugly thing is moderately wounded.
You block the cyan ugly thing's attack.
You closely miss the cyan ugly thing.
The cyan ugly thing is moderately wounded.
The cyan ugly thing tail-slaps you! The cyan ugly thing shocks you!
You puncture the cyan ugly thing!
The cyan ugly thing is heavily wounded.
The cyan ugly thing tail-slaps you! The cyan ugly thing shocks you!
* * * LOW HITPOINT WARNING * * *
You hit the cyan ugly thing.
The cyan ugly thing is heavily wounded.
The cyan ugly thing tail-slaps you!
* * * LOW HITPOINT WARNING * * *
The cyan ugly thing shocks you!
You die...
Your body crumbles into a pile of gold.

#......#......##........####
..##...#......##..##.####
.<##.......##....#...#
...##.#<.#.###.....#.# ###
##....#..#.##....###.# ###..
####..#..........###.## #.<.⌠ #
##............).....#### #....
###...........##(#.#.....####...⌠
##)..##.##)....#@#...###.........
.....##..).....($u...###.........
.##......)#.####.#...#...#####.##
###.......#...##.#.........#.....
###.....>...#..#.#...............
#.........#.........#..._........
.....................#...........
..........###...................)
.###......# #...........#########


You could see a cyan ugly thing (extremely poisoned).

Vanquished Creatures
  Harold (D:7)
  A two-headed ogre (D:7)
  Pikel (D:5)
  A troll (D:10)
  3 wyverns (D:10)
  Sigmund (D:2)
  Duvessa (D:5)
  3 water moccasins (D:10)
  2 orc warriors
  An ice beast (D:9)
  5 sky beasts
  5 ogres
  3 black bears (D:10)
  2 centaurs
  2 wolves (D:10)
  2 lemures (D:5)
  Blork the orc (D:5)
  A big kobold (D:10)
  4 bullfrogs
  A wyvern zombie (D:6)
  Dowan (D:5)
  2 wyvern skeletons (D:11)
  A water moccasin skeleton (D:6)
  6 killer bees (D:10)
  5 scorpions
  2 bullfrog zombies
  A quasit (D:7)
  Crazy Yiuf (D:5)
  4 jellies
  2 bullfrog skeletons
  A centaur skeleton (D:5)
  5 gnolls
  4 orc priests
  6 hounds
  2 iguanas
  10 orc wizards
  4 worker ants
  6 adders
  3 shadow imps
  A white imp (D:10)
  2 ufetubi
  2 oozes
  An adder skeleton (D:4)
  4 worms
  A dart slug (D:1)
  6 leopard geckos
  32 orcs
  2 ball pythons
  4 bats
  A giant cockroach (D:6)
  4 goblins
  8 hobgoblins
  15 jackals
  4 quokkas
  6 frilled lizards
  14 kobolds
  A leopard gecko skeleton (D:4)
  2 leopard gecko zombies
  A quokka skeleton (D:5)
  8 rats
226 creatures vanquished.

Vanquished Creatures (collateral kills)
  2 adders (D:2)
  2 gnolls (D:2)
  An orc (D:3)
  A giant cockroach (D:2)
  2 goblins (D:2)
  2 hobgoblins
  2 rats (D:2)
12 creatures vanquished.

Vanquished Creatures (others)
  A fungus (D:10)
  16 plants
17 creatures vanquished.

Grand Total: 255 creatures vanquished

Notes
Turn   | Place    | Note
-------+----------+-------------------------------------------
     0 | D:1      | phalm the Spriggan Artificer began the quest for the Orb.
     0 | D:1      | Reached XP level 1. HP: 9/9 MP: 2/2
   341 | D:1      | Reached skill level 1 in Fighting
   344 | D:1      | Reached XP level 2. HP: 11/14 MP: 3/3
  1021 | D:1      | Reached XP level 3. HP: 2/18 MP: 4/4
  1523 | D:2      | Noticed Sigmund
  2190 | D:2      | Reached skill level 5 in Evocations
  2190 | D:2      | Reached XP level 4. HP: 22/22 MP: 5/5
  2232 | D:2      | Reached skill level 1 in Short Blades
  2409 | D:2      | Your ally died
  2410 | D:2      | Reached XP level 5. HP: 11/26 MP: 6/6
  2986 | D:3      | Noticed an ogre
  3004 | D:3      | Killed an ogre
  3005 | D:3      | Reached skill level 6 in Evocations
  3030 | D:3      | Reached XP level 6. HP: 30/30 MP: 7/7
  3161 | D:3      | Reached skill level 5 in Dodging
  3366 | D:3      | Learned a level 3 spell: Confusing Touch
  3627 | D:4      | Noticed a sky beast
  3640 | D:4      | Killed a sky beast
  3641 | D:4      | Reached skill level 1 in Hexes
  3684 | D:4      | Reached skill level 1 in Armour
  3785 | D:4      | Found a staircase to the Ecumenical Temple.
  3797 | Temple   | Entered the Ecumenical Temple
  3827 | Temple   | Became a worshipper of Gozag Ym Sagoz the Greedy
  3905 | D:4      | Reached XP level 7. HP: 35/35 MP: 9/9
  3973 | D:4      | Reached skill level 1 in Spellcasting
  3978 | D:4      | Reached skill level 5 in Stealth
  4056 | D:4      | Found a bloodstained altar of Trog.
  4280 | D:5      | Entered Level 5 of the Dungeon
  4342 | D:5      | Noticed Pikel
  4381 | D:5      | Killed Pikel
  4382 | D:5      | Reached skill level 7 in Evocations
  4382 | D:5      | Reached XP level 8. HP: 28/39 MP: 12/12
  4752 | D:5      | Found a runed translucent door.
  4753 | D:5      | Noticed Crazy Yiuf
  4760 | D:5      | Killed Crazy Yiuf
  4782 | D:5      | Noticed Blork the orc
  4811 | D:5      | Killed Blork the orc
  4812 | D:5      | Reached skill level 8 in Evocations
  4919 | D:5      | Noticed Dowan
  4920 | D:5      | Noticed Duvessa
  4947 | D:5      | Killed Duvessa
  5006 | D:5      | Killed Dowan
  5411 | D:6      | Reached XP level 9. HP: 33/44 MP: 14/14
  5558 | D:6      | Reached skill level 5 in Hexes
  5893 | D:7      | Noticed Harold
  5932 | D:7      | Killed Harold
  5933 | D:7      | Reached skill level 9 in Evocations
  6402 | D:7      | Noticed a two-headed ogre
  6420 | D:7      | Killed a two-headed ogre
  6753 | D:8      | Reached XP level 10. HP: 49/49 MP: 17/17
  7050 | D:8      | Reached skill level 5 in Short Blades
  7061 | D:8      | Reached skill level 10 in Evocations
  7101 | D:8      | Found a shadowy altar of Dithmenos.
  7752 | D:9      | Found Hunauh's Antique Weapon Shoppe.
  7758 | D:9      | Bought a glowing rapier for 259 gold pieces
  7993 | D:9      | You fall into a shaft and drop 2 floors!
  8175 | D:11     | Found a roughly hewn altar of Beogh.
  8175 | D:11     | Found a staircase to the Orcish Mines.
  8178 | D:10     | Entered Level 10 of the Dungeon
  8211 | D:10     | Reached skill level 1 in Shields
  8232 | D:10     | Reached skill level 5 in Spellcasting
  9285 | D:10     | Found Pacytar's Antique Weapon Shop.
  9295 | D:10     | Found a stormy altar of Qazlal.
  9596 | D:10     | Found a staircase to the Lair.
 10210 | D:10     | Learned a level 1 spell: Corona
 10227 | D:11     | Noticed a cyan ugly thing
 10229 | D:11     | Noticed an orc knight
 10246 | D:10     | Mangled by a cyan ugly thing

Illustrated notes

Levels and vault maps discovered:
D:1:      lightli_arrival_noodles, layout_basic
D:2:      layout_rooms, minivault_23, minmay_distorted, uniq_sigmund
D:3:      layout_rooms
D:4:      layout_basic, temple_statues, bloody_trog
D:5:      layout_basic, uniq_duvessa, uniq_blork_the_orc,
          uniq_crazy_yiuf_cottage, uniq_pikel
D:6:      layout_cave_pools
D:7:      layout_loops_ring, uniq_harold
D:8:      layout_loops_ring, grunt_dithmenos_smoke, minivault_21
D:9:      layout_grid_maze, serial_shops, nicolae_shop_crystal
D:10:     layout_rooms, minmay_lair_entry_grove, serial_shops, shop_fountains,
          basic_altar
D:11:     layout_loops_ring, david_orc_5, serial_bayou_pond_a,
          kennysheep_kite_vault
Temple:   grunt_wide_crystal_templ

Skill      XL: |  1  2  3  4  5  6  7  8  9 10 |
---------------+-------------------------------+-----
Fighting       | 1 2 3 4 |  4.4
Stealth        | 2 3 4 5 6 7 8 |  8.6
Dodging        | 4 5 6 7 8 |  8.5
Evocations     | 5 6 7 8 9 10 | 10.8
Short Blades   | 1 2 3 4 5 |  5.6
Hexes          | 1 3 4 6 7 |  7.9
Armour         | 1 2 3 |  3.9
Spellcasting   | 2 3 4 5 |  5.4
Shields        | 2 |  2.1

Action                   |  1- 3 |  4- 6 |  7- 9 | 10-12 || total
-------------------------+-------+-------+-------+-------++-------
Melee: Club              |    61 |       |       |       ||    61
       Dagger            |    57 |   155 |   152 |       ||   364
       Short sword       |       |       |   154 |    56 ||   210
       Rapier            |       |       |       |   236 ||   236
Throw: Throwing net      |     1 |       |       |       ||     1
       Dart              |       |       |       |     1 ||     1
 Cast: Confusing Touch   |       |       |       |     3 ||     3
 Abil: Evoke Flight      |       |       |     1 |       ||     1
Evoke: Wand              |    18 |    16 |    25 |     6 ||    65
  Use: Scroll            |       |       |     4 |    14 ||    18
       Potion            |       |       |       |     1 ||     1
 Stab: Sleeping          |     2 |     3 |    16 |    15 ||    36
       Distracted        |     1 |     2 |     5 |       ||     8
       Betrayed ally     |       |     1 |       |       ||     1
       Confused          |       |       |     3 |     1 ||     4
       Invisible         |       |       |       |     1 ||     1
Armor: Robe              |    10 |     5 |       |       ||    15
       Troll leather arm |       |    12 |    30 |    29 ||    71
Dodge: Dodged            |   120 |   113 |   219 |   233 ||   685
Block: Buckler           |       |       |       |    93 ||    93
